 Dungeon Crawl Stone Soup version 0.31-a0-167-g1c394c0614 (webtiles) character file.

Game seed: 22509211902665889

117 lunkers the Digger (level 5, -4/38 HPs)
             Began as a Meteoran Earth Elementalist on June 14, 2023.
             Slain by a gnoll
             ... wielding a +0 club
              (7 damage)
             ... on level 3 of the Dungeon.
             The game lasted 00:03:14 (1206 turns).

lunkers the Digger (Meteoran Earth Elementalist)    Turns: 1206, Time: 00:03:14

Health: -4/38      AC:  5    Str:  9    XL:     5   Next: 47%
Magic:  0/12       EV: 12    Int: 18    God:
Gold:   53         SH:  0    Dex: 15    Spells: 11/12 levels left

rFire   . . .        (no weapon)
rCold   . . .        (no shield)
rNeg    . . .        a - +0 robe
rPois   .            (no helmet)
rElec   .            d - +2 cloak
rCorr   .            (no gloves)
SInv    .            (no boots)
Will    .....        (no amulet)
Stlth   +            (no ring)
HPRegen 0.26/turn    (no ring)
MPRegen 0.13/turn

%: no passive effects
@: glowing
A: sense surroundings 1, otherworldly, glowing, explore regen
a: no special abilities


You were on level 3 of the Dungeon.
You visited 1 branch of the dungeon, and saw 3 of its levels.

You collected 53 gold pieces.

Inventory:

Armour
 a - a +0 robe (worn)
 d - a +2 cloak (worn)
Scrolls
 c - 2 scrolls of blinking {unknown}
 e - 2 scrolls of fog {unknown}
 f - a scroll of acquirement {unknown}
 g - a scroll of vulnerability {unknown}
 h - 2 scrolls of identify {unknown}
 j - 2 scrolls of teleportation {unknown}
Potions
 b - a potion of magic
 i - a potion of enlightenment {unknown}


   Skills:
 - Level 2.4 Dodging
 - Level 1.4 Stealth
 + Level 4.1 Spellcasting
 - Level 1.2 Transmutations
 * Level 5.8 Earth Magic


You had 11 spell levels left.
You knew the following spells:

 Your Spells              Type           Power      Damage    Failure   Level
a - Sandblast             Erth           48%        2d12      1%          1

Your spell library contained the following spells:

 Spells                   Type           Power      Damage    Failure   Level
 Passwall                 Tmut/Erth      13%        N/A       5%          2
 Stone Arrow              Conj/Erth      28%        3d8       13%         3
 Apportation              Tloc           6%         N/A       14%         1
 Petrify                  Tmut/Erth      16%        N/A       34%         4
 Alistair's Intoxication  Tmut/Pois      3%         N/A       97%         5


Dungeon Overview and Level Annotations

Branches:
Dungeon (3/15) Zot: 1000

Altars:

Shops:
D:2 ((


Innate Abilities, Weirdness & Mutations

You passively map a small area around you.
You are easily found by Zot.
You glow in the dark.
You regain HP and MP as you explore.


Message History

Aiming: Sandblast (safe; 1% risk of failure)
Press: ? - help, Q - select action Shift-Dir - straight line, f/p - gnoll
Aim: a gnoll, wielding a +0 spear (moderately wounded, 85% to hit)
The blast of sand hits the gnoll!
You kill the gnoll!
* * * LOW MAGIC WARNING * * *
The gnoll hits you but does no damage.
Unknown command.
Aiming: Sandblast (safe; 1% risk of failure)
Press: ? - help, Q - select action Shift-Dir - straight line, f - gnoll
Aim: a gnoll, wielding a +0 halberd (85% to hit)
The blast of sand hits the gnoll.
The gnoll is moderately wounded.
* * * LOW MAGIC WARNING * * *
The gnoll hits you from afar with a +0 halberd!
* * * LOW HITPOINT WARNING * * *
Aiming: Sandblast (safe; 1% risk of failure)
Press: ? - help, Q - select action Shift-Dir - straight line, f/p - gnoll
Aim: a gnoll, wielding a +0 halberd (moderately wounded, 85% to hit)
The blast of sand hits the gnoll!
You kill the gnoll!
* * * LOW MAGIC WARNING * * *
The gnoll closely misses you.
Aiming: Sandblast (safe; 1% risk of failure)
Press: ? - help, Q - select action Shift-Dir - straight line, f - gnoll
Aim: a gnoll, wielding a +0 club (85% to hit)
The blast of sand misses the gnoll.
* * * LOW MAGIC WARNING * * *
The gnoll hits you with a +0 club.
* * * LOW HITPOINT WARNING * * *
The gnoll attacks as you move away! The gnoll hits you with a +0 club.
* * * LOW HITPOINT WARNING * * *
There is a stone staircase leading down here.
Aiming: Sandblast (safe; 1% risk of failure)
Press: ? - help, Q - select action Shift-Dir - straight line, f/p - gnoll
Aim: a gnoll, wielding a +0 club (85% to hit)
The blast of sand misses the gnoll.
* * * LOW MAGIC WARNING * * *
The gnoll closely misses you. The gnoll hits you with a +0 club!
You die...

#.... ...# #.#.##.#.# #.#
#.#### ## , ,
##.#....#.##......... .#
#...............#... g. ,
#..#<##.#.##.##.#..#### g#
**
#.......#.#*..#.......#*g#
* #.##†.....# ,#.#...##.#
)#
#.###.#.####.##.#..##.##.#
* #.###.#.#
#...@g..<.).).# #.......#
######......#### ##.##.#.#
#......#....# ########
#.##.#.#
#......#.##.###.....†.
#.##.#.#
#........##...........
#.##.#)#
#.....[####.#.#.......
#......#
#......####....#######
####.### ######..........#
#.###### #######...##


You could see a gnoll.

Vanquished Creatures
  An adder (D:2)
  5 gnolls (D:3)
  A worm (D:2)
  7 ball pythons
  4 bats
  6 endoplasms
  2 giant cockroaches
  7 goblins
  A hobgoblin (D:1)
  9 kobolds
  4 quokkas
  A frilled lizard (D:2)
  10 rats
58 creatures vanquished.

Notes
Turn   | Place    | Note
-------+----------+-------------------------------------------
     0 | D:1      | lunkers the Meteoran Earth Elementalist began the quest for
                  | the Orb.
     0 | D:1      | Reached XP level 1. HP: 14/14 MP: 5/5
    76 | D:1      | Reached skill level 4 in Earth Magic
    76 | D:1      | Reached XP level 2. HP: 20/20 MP: 2/6
   268 | D:1      | Reached XP level 3. HP: 25/26 MP: 4/8
   311 | D:1      | Upgraded the game from 0.31-a0-164-g2312942fda to
                  | 0.31-a0-167-g1c394c0614
   486 | D:2      | Reached skill level 5 in Earth Magic
   486 | D:2      | Reached XP level 4. HP: 33/33 MP: 5/10
   626 | D:2      | Found Wiewn's Antique Weapon Shop.
   930 | D:2      | Found Oboaptific's Weapon Emporium.
  1191 | D:3      | Reached XP level 5. HP: 29/38 MP: 4/11
  1206 | D:3      | Slain by a gnoll

Illustrated notes

Levels and vault maps discovered:
D:1:      giann_wishing_wells, layout_basic, kennysheep_minor_cross
D:2:      layout_loops_ring, serial_shops, shop,
          nicolae_shop_tiny_real_fake_doors
D:3:      layout_loops_cross, minitemple, kennysheep_generic_room_15

Skill      XL: |  1  2  3  4  5 |
---------------+----------------+-----
Earth Magic    | 4 5 |  5.8
Spellcasting   | 3 4 |  4.1
Dodging        | |  2.4
Stealth        | |  1.4
Transmutations | |  1.2

Action                     |  1- 3 |  4- 6 || total
---------------------------+-------+-------++-------
  Melee: Unarmed           |     6 |       ||     6
   Cast: Sandblast         |    40 |    45 ||    85
 Armour: Robe              |     6 |     3 ||     9
  Dodge: Dodged            |    19 |     8 ||    27

Table legend: (Time is in decaauts)
 A = Elapsed time spent in this place.
 B = Non-inter-level travel time spent in this place.
 C = Inter-level travel time spent in this place.
 D = Time resting spent in this place.
 E = Time spent auto-exploring this place.
 F = Levels seen in this place.
 G = Mean time per level.
                   A        B        C        D        E       F      G
               +--------+--------+--------+--------+--------+-----+--------+
         Total |   1247 |   1232 |     15 |      0 |    888 |   3 |  415.7 |
       Dungeon |   1247 |   1232 |     15 |      0 |    888 |   3 |  415.7 |
               +--------+--------+--------+--------+--------+-----+--------+

Top non-repeatable levels by time:
     D:2: 635 daAuts
     D:1: 498 daAuts
     D:3: 114 daAuts
